 Dungeon Crawl Stone Soup version 0.29-a0-330-g52719c12eb (webtiles) character file.

Game seed: 11353606702998353419

31 sanka the Digger (level 3, 0/25 HPs)
             Began as a Gnoll Earth Elementalist on May 5, 2022.
             Slain by a goblin
             ... wielding a +0 dagger
             ... led by Robin
              (1 damage)
             ... on level 1 of the Dungeon.
             The game lasted 00:01:58 (1452 turns).

sanka the Digger (Gnoll Earth Elementalist)         Turns: 1452, Time: 00:01:58

Health: 0/25       AC:  2    Str:  9    XL:     3   Next: 22%
Magic:  9/9        EV: 13    Int: 14    God:
Gold:   40         SH:  0    Dex: 12    Spells: 11/12 levels left

rFire   . . .      SeeInvis .   m - +0 mace
rCold   . . .      Faith    .   (no shield)
rNeg    . . .      Spirit   .   b - +0 robe
rPois   .          Reflect  .   (no helmet)
rElec   .          Harm     .   (no cloak)
rCorr   .          Rampage  .   (no gloves)
Will    .....                   (no boots)
Stlth   ++........              (no amulet)
HPRegen 0.08/turn               (no ring)
MPRegen 0.11/turn               (no ring)

@: no status effects
A: fangs 1, strong nose, distributed training
a: no special abilities


You were on level 1 of the Dungeon.
You visited 1 branch of the dungeon, and saw 2 of its levels.

You collected 40 gold pieces.


Innate Abilities, Weirdness & Mutations

You have very sharp teeth.
Your uncanny sense of smell can sniff out nearby items.
Your experience applies equally to all skills.


   Skills:
 + Level 0.7 Fighting
 + Level 0.7 Short Blades
 + Level 0.7 Long Blades
 + Level 0.7 Axes
 + Level 0.7 Maces & Flails
 + Level 0.7 Polearms
 + Level 0.7 Staves
 + Level 0.7 Slings
 + Level 0.7 Bows
 + Level 0.7 Crossbows
 + Level 0.7 Throwing
 + Level 0.7 Armour
 + Level 4.5 Dodging
 + Level 4.1 Stealth
 + Level 0.7 Shields
 + Level 0.7 Unarmed Combat
 + Level 5.0 Spellcasting
 + Level 0.5 Conjurations
 + Level 0.5 Hexes
 + Level 0.5 Summonings
 + Level 0.5 Necromancy
 + Level 0.5 Translocations
 + Level 2.1 Transmutations
 + Level 0.5 Fire Magic
 + Level 0.5 Ice Magic
 + Level 0.5 Air Magic
 + Level 5.4 Earth Magic
 + Level 0.5 Poison Magic
 + Level 0.9 Invocations
 + Level 0.7 Evocations


You had 11 spell levels left.
You knew the following spells:

 Your Spells              Type           Power      Damage    Failure   Level
z - Sandblast             Erth           36%        2d10      1%          1

Your spell library contained the following spells:

 Spells                   Type           Power      Damage    Failure   Level
 Passwall                 Tmut/Erth      11%        N/A       5%          2
 Wereblood                Tmut           9%         N/A       11%         2
 Animate Skeleton         Necr           8%         N/A       14%         1
 Pain                     Necr           16%        1d4       14%         1
 Stone Arrow              Conj/Erth      22%        3d8       16%         3
 Sublimation of Blood     Necr           4%         N/A       22%         2
 Petrify                  Tmut/Erth      14%        N/A       36%         4
 Vampiric Draining        Necr           4%         2d6       38%         3
 Summon Hydra             Summ           2%         N/A       100%        7

Inventory:

Hand Weapons
 f - a +0 dagger
 m - a +0 mace (weapon)
Missiles
 a - 17 stones
 l - 5 poisoned darts
Armour
 b - a +0 robe (worn)
Scrolls
 d - 3 scrolls of summoning {unknown}
 e - a scroll of identify {unknown}
 h - a scroll of magic mapping {unknown}
 i - a scroll of immolation {unknown}
 j - a scroll of torment {unknown}
 k - a scroll of vulnerability {unknown}
Potions
 c - a potion of magic
 g - a potion of mutation {unknown}

Dungeon Overview and Level Annotations

Branches:
Dungeon (2/15)

Altars:

Shops:
D:2

( .....▒▒▒..▒▒▒ ▒.▒ ▒.▒
..8..8▒▒..▒ ▒.▒ ▒.▒
......'...▒▒▒▒▒▒▒▒.▒ ▒.▒
......'............▒ ▒.▒
......'...▒▒.......▒ ▒.▒
..8..8▒▒..▒▒.▒▒▒▒▒▒▒ ▒.▒
.....▒▒......▒ ▒.▒
....▒▒▒▒..▒▒▒▒▒▒▒▒▒▒▒▒▒.▒▒
...▒▒ ▒.......ggg....[..▒
...▒ ▒......▒▒▒▒▒▒▒▒▒▒.▒
...▒ ▒.▒.▒..▒ ▒.▒ ...▒
▒.▒.▒..▒ ▒.▒ ♣♣.▒ ▒.▒.▒..▒
▒▒.▒▒▒▒▒▒▒▒ ♣♣♣
▒......▒▒▒▒▒▒▒▒▒..........
▒.▒▒..............▒▒▒▒▒▒▒▒
▒.▒▒.^.......▒▒▒...▒......
▒.▒▒▒..▒▒▒▒▒.▒▒▒.▒....▒.▒▒


You could see 2 goblins.


Message History

The goblin hits you but does no damage. The goblin hits you but does no damage.
The goblin attacks as you move away! The goblin barely misses you.
There is a stone staircase leading up, spattered with blood here.
The goblin barely misses you. The goblin misses you.
You climb upwards.
There is a stone staircase leading down here.
Unknown command.
You closely miss the goblin.
The goblin is heavily wounded.
The goblin hits you with a +0 dagger.
* * * LOW HITPOINT WARNING * * *
The goblin hits you with a +0 dagger.
* * * LOW HITPOINT WARNING * * *
The goblin hits you but does no damage. The goblin hits you with a +0 dagger.
* * * LOW HITPOINT WARNING * * *
You closely miss the goblin.
The goblin is heavily wounded.
The goblin hits you with a +0 dagger.
* * * LOW HITPOINT WARNING * * *
The goblin hits you with a +0 dagger.
* * * LOW HITPOINT WARNING * * *
You closely miss the goblin. Your bite misses the goblin.
The goblin is heavily wounded.
The goblin hits you with a +0 dagger.
You die...

Action                   || total
-------------------------++-------
Melee: Unarmed           ||    13
       Bite              ||     9
       Dagger            ||    54
       Mace              ||     8
 Cast: Sandblast         ||    13
 Stab: Sleeping          ||     4
Armor: Robe              ||    15
Dodge: Dodged            ||    62

Levels and vault maps discovered:
D:1:      kennysheep_arrival_forest, layout_loops_ring
D:2:      layout_rooms, serial_shops, shop, uniq_robin, uniq_crazy_yiuf_cottage

Notes
Turn   | Place    | Note
-------+----------+-------------------------------------------
     0 | D:1      | sanka the Gnoll Earth Elementalist began the quest for the
                  | Orb.
     0 | D:1      | Reached XP level 1. HP: 13/13 MP: 6/6
   104 | D:1      | Reached skill level 2 in Transmutations
   110 | D:1      | Reached XP level 2. HP: 13/19 MP: 2/7
  1001 | D:1      | Reached XP level 3. HP: 25/25 MP: 9/9
  1149 | D:1      | Reached skill level 5 in Spellcasting
  1297 | D:2      | Found Liomn's Weapon Shop.
  1451 | D:1      | HP: 1/25 [goblin/+0 dagger (3)]
  1452 | D:1      | Slain by a goblin

Vanquished Creatures
  2 dart slugs
  4 bats (D:1)
  3 endoplasms (D:1)
  6 goblins (D:1)
  A hobgoblin (D:1)
  2 ball pythons (D:1)
  2 frilled lizards
  2 kobolds (D:2)
  6 rats (D:1)
28 creatures vanquished.
